 Dungeon Crawl Stone Soup version 0.29.1-2-gbd0b4ee654 (webtiles) character file.

Game seed: 14414932299472524901

93330 Firos the Martial Artist (level 16, -3/130 HPs)
             Began as an Octopode Transmuter on Nov 8, 2022.
             Was the Champion of Cheibriados.
             Killed from afar by a shock serpent (30 damage)
             ... with a bolt of electricity
             ... on level 1 of the Snake Pit.
             The game lasted 01:14:34 (36710 turns).

Firos the Martial Artist (Octopode Transmuter)     Turns: 36710, Time: 01:14:35

Health: -3/130     AC: 12    Str: 26    XL:     16   Next: 8%
Magic:  38/38      EV: 19    Int: 36    God:    Cheibriados [******]
Gold:   1151       SH:  0    Dex: 28    Spells: 19/33 levels left

rFire   . . .      SeeInvis .     - Unarmed
rCold   + + +      Faith    .   (shield currently unavailable)
rNeg    + . .      Spirit   .   (helmet currently unavailable)
rPois   +          Reflect  .   (no amulet)
rElec   .          Harm     .   u - ring of magical power
rCorr   .          Rampage  .   v - ring of positive energy
Will    +....                   A - ring of protection from fire
Stlth   +++++.....              (no ring)
HPRegen 0.31/turn               (no ring)
MPRegen 0.26/turn               (no ring)
                                (no ring)
                                (no ring)

@: ice-form, very slow
A: freezing attack, boosted hp, almost no armour, amphibious, 8 rings, large,
(camouflage 1), (gelatinous body 1), (nimble swimmer 1), (tentacles)
a: End Transformation, Renounce Religion, Bend Time, Temporal Distortion,
Slouch, Step From Time


You were on level 1 of the Snake Pit.
You worshipped Cheibriados.
Cheibriados was exalted by your worship.
You were a creature of crystalline ice.
You visited 5 branches of the dungeon, and saw 22 of its levels.
You also visited: Gauntlet.

You collected 1537 gold pieces.
You spent 386 gold pieces at shops.

Inventory:

Missiles
 w - 4 throwing nets
Armour
 C - a +2 buckler of protection
 H - a +0 kite shield
Jewellery
 k - a ring of ice
 u - a ring of magical power (left front paw)
 v - a ring of positive energy (right front paw)
 A - a ring of protection from fire (on tentacle)
Wands
 d - a wand of flame (63)
 j - a wand of polymorph (17)
 o - a wand of quicksilver (11)
 q - a wand of mindburst (6)
 F - a wand of roots (7)
 G - a wand of paralysis (13)
Scrolls
 a - 2 scrolls of amnesia
 b - 3 scrolls of blinking
 f - 10 scrolls of teleportation
 g - 3 scrolls of identify
 h - 5 scrolls of enchant weapon
 n - 5 scrolls of enchant armour
 r - 4 scrolls of magic mapping
 s - a scroll of fear
 y - 2 scrolls of vulnerability
 B - 2 scrolls of fog
 E - a scroll of silence
Potions
 c - 3 potions of magic
 e - 5 potions of mutation
 i - 4 potions of curing
 l - 2 potions of ambrosia
 m - 7 potions of brilliance
 p - 3 potions of berserk rage
 t - 4 potions of lignification
 x - 2 potions of might
 z - 6 potions of cancellation
 D - 2 potions of flight
 I - a potion of heal wounds


   Skills:
 + Level 9.8 Fighting
 + Level 10.0 Dodging
 - Level 9.8 Stealth
 + Level 5.4 Shields
 * Level 14.1 Unarmed Combat
 + Level 9.4 Spellcasting
 - Level 3.0 Translocations
 * Level 14.1 Transmutations
 + Level 9.1 Invocations


You had 19 spell levels left.
You knew the following spells:

 Your Spells              Type           Power      Damage    Failure   Level
a - Ice Form              Ice/Tmut       61%        N/A       1%          4
b - Wereblood             Tmut           87%        N/A       0%          2
c - Spider Form           Tmut/Pois      61%        N/A       1%          3
d - Blink                 Tloc           76%        N/A       1%          2
e - Ignite Poison         Fire/Tmut/Pois 50%        N/A       1%          3

Your spell library contained the following spells:

 Spells                   Type           Power      Damage    Failure   Level
 Beastly Appendage        Tmut           100%       N/A       0%          1
 Apportation              Tloc           76%        N/A       1%          1
 Necrotise                Necr           68%        1d7       2%          1
 Slow                     Hex            68%        N/A       2%          1
 Summon Small Mammal      Summ           68%        N/A       2%          1
 Gell's Gravitas          Tloc           38%        N/A       2%          3
 Lesser Beckoning         Tloc           38%        N/A       2%          3
 Teleport Other           Tloc           38%        N/A       2%          3
 Static Discharge         Conj/Air       17%        3-6/arc   3%          2
 Yara's Violent Unravell  Hex/Tmut       30%        3d13      3%          5
 Confusing Touch          Hex            17%        N/A       8%          3
 Conjure Flame            Conj/Fire      17%        6-21      8%          3
 Dazzling Flash           Conj/Hex       34%        N/A       8%          3
 Stone Arrow              Conj/Erth      34%        3d9       8%          3
 Summon Guardian Golem    Hex/Summ       17%        N/A       8%          3
 Vampiric Draining        Necr           17%        2d7       8%          3
 Manifold Assault         Tloc           38%        N/A       21%         5
 Corpse Rot               Necr/Pois/Air  17%        N/A       24%         4
 Dispel Undead            Necr           17%        3d10      24%         4
 Sticky Flame             Conj/Fire      17%        2d4       24%         4
 Agony                    Necr           17%        N/A       56%         5
 Silence                  Hex/Air        8%         N/A       56%         5
 Dispersal                Tloc           19%        N/A       73%         6
 Death Channel            Necr           8%         N/A       98%         6
 Enfeeble                 Hex            8%         N/A       100%        7
 Orb of Destruction       Conj           8%         9d6       100%        7
 Spellforged Servitor     Conj/Summ      8%         N/A       100%        7
 Lehudib's Crystal Spear  Conj/Erth      8%         10d4      100%        8
 Animate Armour           Summ/Erth      Unusable   N/A       N/A         4

Dungeon Overview and Level Annotations

Branches:
Dungeon (14/15)            Temple (1/1) D:4            Lair (5/5) D:10
  Swamp (1/4) Lair:3        Snake (1/4) Lair:2        Slime (0/5) Lair:5
    Orc (0/2) D:11         Vaults (0/5) D:14        Gauntlet (visited)

Altars:
Cheibriados
Dithmenos
Elyvilon
Kikubaaqudgha
Nemelex Xobeh
Ru
Trog
Uskayaw
Vehumet
Wu Jian
Xom
Yredelemnul
The Shining One
Jiyva

Shops:
D:5 (   D:7 ?   D:13 ?

Portals:
Abyss: D:13

Annotations:
D:13 2 transporters, Firos's ghost, journeyman HOMo


Innate Abilities, Weirdness & Mutations

You are a creature of crystalline ice.
You have a powerful freezing melee attack.
Your maximum health is increased.
Your armour is entirely melded.
You are incapable of wielding weapons or throwing items.
You cannot wear most types of armour.
You are amphibious.
You can wear up to eight rings at the same time.
((Your skin changes colour to match your surroundings (Stealth+).))
((Your rubbery body absorbs attacks. (AC +1, EV +1)))
((You are camouflaged when in or above water. (Stealth+)))
((You have tentacles for arms and can constrict up to eight enemies at once.))


Message History

You hit the anaconda. You freeze the anaconda.
The anaconda is heavily wounded.
The anaconda is no longer moving slowly.
The anaconda bites you. The anaconda constricts you.
You barely miss the anaconda.
The anaconda is heavily wounded.
The anaconda bites you. The anaconda constricts you.
You hit the anaconda but do no damage.
The anaconda is heavily wounded.
The anaconda barely misses you. The anaconda constricts you.
The anaconda closely misses you. The anaconda constricts you.
You closely miss the anaconda.
The anaconda is heavily wounded.
The anaconda misses you. The anaconda constricts you.
You pummel the anaconda!!
The anaconda seems to slow down.
You freeze the anaconda!
You kill the anaconda!
Cheibriados thoroughly appreciates the change of pace.
A shock serpent comes into view.
The shock serpent moves out of view.
A shock serpent is nearby!
g - 3 scrolls of identify (gained 1)
There are no items here.
The shock serpent hisses angrily.
The shock serpent shoots out a bolt of lightning at you!
The bolt of electricity hits you!
You closely miss the shock serpent. The shock serpent bites you!
The shock serpent shocks you!
You punch the shock serpent! You freeze the shock serpent.
The shock serpent is moderately wounded.
The shock serpent's electric aura discharges, shocking you!
* * * LOW HITPOINT WARNING * * *
The shock serpent closely misses you.
You punch the shock serpent! You freeze the shock serpent.
The shock serpent is severely wounded.
The shock serpent's electric aura discharges, shocking you!
* * * LOW HITPOINT WARNING * * *
The shock serpent shoots out a bolt of lightning at you!
The bolt of electricity hits you!!
You die...

..........##..#....## #.###....
#........##..###..## ##.#....#§
##......##...####.## #......#..N
##..............#.###..##.####..
#...#..#...........#.# #. #..
.....................## # #..
.......#....!.†.......# ...#.
.......#.......S......# # #..
.....$.##.......Y....## ###
#...........## # ##.........##
##......### ########


You could see a shock serpent.

Vanquished Creatures
  Kirke (Swamp:1)
  3 ghouls
  An eleionoma (Swamp:1)
  A minotaur (Gauntlet)
  Josephine (Lair:5)
  The ghost of BlackCrag2 the Thaumaturge, a journeyman DEEE of Vehumet (Lair:1)
  3 hydras
  4 two-headed ogres
  A death knight (D:13)
  3 anacondas
  A boulder beetle (Lair:2)
  2 centaur warriors (D:13)
  2 dancing weapons (D:14)
  4 naga warriors
  2 death scarabs (Gauntlet)
  An alligator (Swamp:1)
  3 shock serpents (Snake:1)
  A spriggan (Swamp:1)
  A salamander mystic (Snake:1)
  A skeletal warrior (D:13)
  2 goliath frogs (Lair:5)
  A sixfirhy (Gauntlet)
  2 bog bodies
  2 lindwurms
  2 naga ritualists (Snake:1)
  Pikel (D:7)
  A deep elf pyromancer (D:13)
  4 mana vipers (Snake:1)
  A spectral hydra (Gauntlet)
  3 cyclopes (D:12)
  4 ugly things
  3 manticores
  3 salamanders (Snake:1)
  19 elephants
  A naga mage (Snake:1)
  11 black mambas
  Joseph (D:8)
  2 gargoyles (D:12)
  A torpor snail (Gauntlet)
  Maggie (D:6)
  14 cane toads
  An unseen horror (D:13)
  9 rime drakes
  3 kobold demonologists
  11 komodo dragons
  A freezing wraith (D:13)
  6 polar bears (Lair:5)
  2 trolls
  3 tyrant leeches
  Prince Ribbit (D:6)
  4 hornets
  A slime creature (D:13)
  2 spectral black mambas (Gauntlet)
  31 blink frogs
  A water elemental (D:11)
  7 wraiths
  A vampire (D:11)
  A human (shapeshifter) (D:13)
  14 wyverns
  3 shadows
  63 yaks
  Eustachio (D:6)
  A hog (Lair:3)
  8 basilisks
  6 steam dragons
  11 vampire mosquitoes
  A spectral cane toad (Gauntlet)
  4 nagas (Snake:1)
  An acid dragon (D:13)
  2 wargs (D:10)
  22 water moccasins
  2 hell hounds (Lair:4)
  8 orc warriors
  2 ice beasts (D:6)
  A sky beast (D:7)
  3 black bears
  An ogre (D:7)
  13 wolves
  11 centaurs
  A lemure (D:7)
  A phantom (D:5)
  A kobold brigand (D:10)
  2 gnoll sergeants
  15 bullfrogs
  5 scorpions
  A necrophage (D:8)
  13 wights
  3 electric eels
  2 howler monkeys (D:12)
  13 orc priests
  2 hounds
  8 jellies
  6 iguanas
  17 orc wizards
  3 hell rats (Lair:4)
  12 gnolls
  5 adders
  A shadow imp (D:7)
  2 white imps (D:7)
  6 ufetubi
  3 worms
  41 orcs
  6 bats
  7 endoplasms
  3 giant cockroaches
  9 goblins
  13 hobgoblins
  7 jackals
  10 kobolds
  2 quokkas
  6 ball pythons
  3 frilled lizards
  5 rats
613 creatures vanquished.

Vanquished Creatures (others)
  A human (Swamp:1)
  A bush (Lair:4)
  54 fungi
  140 plants
196 creatures vanquished.

Grand Total: 809 creatures vanquished

Notes
Turn   | Place    | Note
-------+----------+-------------------------------------------
     0 | D:1      | Firos the Octopode Transmuter began the quest for the Orb.
     0 | D:1      | Reached XP level 1. HP: 13/13 MP: 3/3
    85 | D:1      | Found a faded altar of an unknown god.
   219 | D:1      | Reached XP level 2. HP: 17/18 MP: 5/5
   239 | D:1      | Learned a level 2 spell: Wereblood
   818 | D:1      | Reached XP level 3. HP: 18/23 MP: 6/6
  1992 | D:2      | Learned a level 3 spell: Spider Form
  2108 | D:2      | Reached XP level 4. HP: 28/28 MP: 6/8
  2873 | D:3      | Found a faded altar of an unknown god.
  2939 | D:3      | Reached XP level 5. HP: 22/33 MP: 6/9
  2947 | D:3      | Learned a level 4 spell: Ice Form
  3588 | D:3      | Found a bloodstained altar of Trog.
  3622 | D:3      | Found a white marble altar of Elyvilon.
  4491 | D:3      | Reached XP level 6. HP: 33/39 MP: 10/10
  4494 | D:3      | Learned a level 2 spell: Blink
  4758 | D:4      | Noticed a water moccasin
  4762 | D:4      | Killed a water moccasin
  5006 | D:4      | Found a staircase to the Ecumenical Temple.
  5018 | Temple   | Entered the Ecumenical Temple
  5027 | Temple   | Became a worshipper of Cheibriados the Contemplative
  5136 | D:4      | Reached skill level 1 in Translocations
  5411 | D:4      | Reached XP level 7. HP: 35/45 MP: 7/12
  5705 | D:5      | Entered Level 5 of the Dungeon
  5792 | D:5      | Identified the +3 leather armour of Responsibility {rPois
                  | MP+9}
  5872 | D:5      | Found Ygheeph's Firing Range.
  6566 | D:5      | Reached skill level 5 in Transmutations
  6862 | D:5      | Found a sacrificial altar of Ru.
  6974 | D:6      | Reached skill level 5 in Unarmed Combat
  6974 | D:6      | Reached XP level 8. HP: 40/51 MP: 7/13
  7090 | D:6      | Reached * piety under Cheibriados
  7321 | D:6      | Found a shimmering altar of Xom.
  7321 | D:6      | Noticed Eustachio
  7346 | D:6      | Killed Eustachio
  7583 | D:6      | Noticed Prince Ribbit
  7634 | D:6      | HP: 3/62 [Prince Ribbit (15)]
  7639 | D:6      | Killed Prince Ribbit
  8139 | D:6      | Found a shadowy altar of Dithmenos.
  8183 | D:6      | Reached XP level 9. HP: 58/58 MP: 7/15
  8708 | D:6      | Noticed Maggie
  8733 | D:6      | Killed Maggie
  9304 | D:7      | Reached skill level 5 in Spellcasting
  9461 | D:7      | Noticed Pikel
  9505 | D:7      | Reached ** piety under Cheibriados
  9542 | D:7      | Identified the +1 chain mail of Duck's Teeth {rPois Will-
                  | rCorr SInv}
  9569 | D:7      | Found Beuryk's Magic Scroll Emporium.
  9576 | D:7      | Bought a scroll of identify for 26 gold pieces
  9729 | D:7      | Reached skill level 5 in Dodging
  9821 | D:7      | Killed Pikel
  9822 | D:7      | Reached XP level 10. HP: 64/65 MP: 13/17
 10161 | D:7      | Reached skill level 5 in Fighting
 10502 | D:7      | Found a radiant altar of Vehumet.
 10643 | D:8      | Reached skill level 1 in Invocations
 12157 | D:8      | Reached *** piety under Cheibriados
 12396 | D:8      | Noticed Joseph
 12404 | D:8      | Killed Joseph
 12405 | D:8      | Reached skill level 1 in Stealth
 12834 | D:8      | Reached XP level 11. HP: 72/72 MP: 14/19
 13246 | D:9      | Found a hide-covered altar of Uskayaw.
 13421 | D:9      | Noticed a two-headed ogre
 13427 | D:9      | Killed a two-headed ogre
 13768 | D:9      | Reached **** piety under Cheibriados
 15149 | D:10     | Entered Level 10 of the Dungeon
 15317 | D:10     | Found an ornate altar of the Wu Jian Council.
 15356 | D:10     | Reached ***** piety under Cheibriados
 15748 | D:10     | Found a staircase to the Lair.
 15769 | D:10     | Noticed a two-headed ogre
 15780 | D:10     | Killed a two-headed ogre
 16110 | D:10     | Identified the +8 glaive of Nogeaxoa {pain, rElec Str+2}
 17296 | D:11     | Noticed a two-headed ogre
 17304 | D:11     | Killed a two-headed ogre
 17305 | D:11     | Reached skill level 10 in Transmutations
 17483 | D:11     | Found a white marble altar of Elyvilon.
 17519 | D:11     | Noticed a two-headed ogre
 17528 | D:11     | Killed a two-headed ogre
 17529 | D:11     | Reached skill level 10 in Unarmed Combat
 17529 | D:11     | Reached XP level 12. HP: 40/80 MP: 17/21
 17529 | D:11     | Noticed a sun demon
 17743 | D:11     | Reached skill level 5 in Stealth
 18241 | D:11     | Found a staircase to the Orcish Mines.
 18318 | Lair:1   | Entered Level 1 of the Lair of Beasts
 18345 | Lair:1   | Reached skill level 5 in Invocations
 18500 | Lair:1   | Noticed a five-headed hydra
 18565 | Lair:1   | Found a radiant altar of Vehumet.
 19552 | Lair:1   | Found a runed translucent door.
 19581 | Lair:1   | Killed a five-headed hydra
 19801 | Lair:1   | Noticed BlackCrag2's ghost (journeyman DEEE)
 19816 | Lair:1   | Killed BlackCrag2's ghost
 19940 | Lair:2   | Reached ****** piety under Cheibriados
 19968 | Lair:2   | Reached XP level 13. HP: 70/86 MP: 23/23
 20196 | Lair:2   | Found a staircase to the Snake Pit.
 21779 | Lair:3   | Found a staircase to the Swamp.
 23493 | Lair:4   | Reached skill level 1 in Shields
 24339 | Lair:4   | Reached XP level 14. HP: 74/94 MP: 26/26
 24851 | Lair:5   | Entered Level 5 of the Lair of Beasts
 26527 | Lair:5   | Found a viscous altar of Jiyva.
 26527 | Lair:5   | Found a staircase to the Slime Pits.
 26726 | Lair:5   | Learned a level 3 spell: Ignite Poison
 26895 | Lair:5   | Noticed Josephine
 26905 | Lair:5   | Killed Josephine
 28335 | D:12     | Found a bloodstained altar of Trog.
 28920 | D:12     | Reached XP level 15. HP: 101/101 MP: 27/27
 29352 | D:13     | Found Kocsije's Magic Scroll Boutique.
 29397 | D:13     | Found a transporter.
 29519 | Swamp:1  | Entered Level 1 of the Swamp
 29519 | Swamp:1  | Noticed Kirke
 29533 | Swamp:1  | Killed Kirke
 29543 | Swamp:1  | Noticed a ghoul
 29545 | Swamp:1  | Noticed a ghoul
 29550 | Swamp:1  | Noticed a ghoul
 29563 | Lair:3   | Killed a ghoul
 29826 | Lair:3   | Killed a ghoul
 30150 | Swamp:1  | Killed a ghoul
 31220 | D:13     | Found a transporter.
 32051 | D:13     | Bought 3 scrolls of blinking for 360 gold pieces
 32324 | D:13     | Found a one-way gate to the infinite horrors of the Abyss.
 32324 | D:13     | Noticed Firos's ghost (journeyman HOMo)
 32353 | D:14     | Found a gate leading to a gauntlet.
 32361 | Gauntlet | Entered a Gauntlet
 32361 | Gauntlet | Found a transporter.
 32361 | Gauntlet | Found a transporter.
 32361 | Gauntlet | Found a transporter.
 32363 | Gauntlet | Found a transporter.
 32363 | Gauntlet | Found a transporter.
 32364 | Gauntlet | Found a large runed translucent door.
 32365 | Gauntlet | Found a large runed translucent door.
 32366 | Gauntlet | Found a large runed translucent door.
 32366 | Gauntlet | Found a large runed translucent door.
 32366 | Gauntlet | Found a transporter.
 32366 | Gauntlet | Found a runed translucent door.
 32367 | Gauntlet | Found a large runed translucent door.
 32368 | Gauntlet | Found a large runed translucent door.
 32369 | Gauntlet | Found a large runed translucent door.
 32369 | Gauntlet | Found a large runed translucent door.
 32370 | Gauntlet | Found a runed translucent gate.
 32370 | Gauntlet | Found a runed translucent gate.
 32372 | Gauntlet | Found a transporter.
 32374 | Gauntlet | Found a transporter.
 32375 | Gauntlet | Found a transporter.
 32377 | Gauntlet | Found a transporter.
 32385 | Gauntlet | Found a transporter.
 32390 | Gauntlet | Found a transporter.
 32465 | Gauntlet | Found a large runed translucent door.
 32466 | Gauntlet | Found a large runed translucent door.
 32467 | Gauntlet | Found a large runed translucent door.
 32467 | Gauntlet | Found a large runed translucent door.
 32467 | Gauntlet | Found a runed translucent door.
 32468 | Gauntlet | Found a large runed translucent door.
 32469 | Gauntlet | Found a large runed translucent door.
 32470 | Gauntlet | Found a large runed translucent door.
 32470 | Gauntlet | Found a large runed translucent door.
 32471 | Gauntlet | Found a runed translucent gate.
 33437 | D:14     | Found a hide-covered altar of Uskayaw.
 33836 | D:14     | Found a gate to the Vaults.
 33980 | Snake:1  | Entered Level 1 of the Snake Pit
 34486 | Snake:1  | Reached skill level 5 in Shields
 35621 | Snake:1  | Reached skill level 10 in Dodging
 36175 | Snake:1  | Reached XP level 16. HP: 93/108 MP: 29/29
 36710 | Snake:1  | Killed from afar by a shock serpent

Illustrated notes

Levels and vault maps discovered:
D:1:      nzn_arrival_settlement, layout_loops_ring,
          chequers_ecumenical_altar_simple_redux
D:2:      layout_loops_ring, minmay_tripent
D:3:      layout_basic, mainiacjoe_overflow_boulevard,
          nicolae_overflow_ecumenical_swirl, lemuel_crystal_altar, st_stairs_4
D:4:      layout_loops_cross, minmay_temple_entry_ruins
D:5:      layout_basic, mainiacjoe_overflow_alcove_2, nicolae_shop_firing_range
D:6:      layout_loops_corners, xom_butterflies,
          grunt_dithmenos_smoke_and_mirrors, uniq_eustachio,
          uniq_prince_ribbit1, uniq_maggie
D:7:      layout_layer_cave, marbit_many_paths, serial_shops, shop,
          minmay_misc_feat_encased, uniq_pikel
D:8:      minmay_razor_zed, layout_basic, uniq_joseph
D:9:      layout_basic, kennysheep_little_box
D:10:     layout_roguey, nzn_wu_jian_council_hall, erik_lair_orcish_takeover,
          dk_noncrumbling_2
D:11:     layout_gridville, erik_orc_2, elyvilon_altar_3
D:12:     layout_gridville, trog_butcher_becter
D:13:     layout_loops_corners, portal_ice_cave_entry_pillars_2,
          gammafunk_ghost_abyssal_escape, serial_shops, shop,
          kennysheep_generic_room_7
D:14:     layout_stronghold, erik_vaults_1, gauntlet_entry_generic,
          infiniplex_staircase_zigzag_4,
          nicolae_uskayaw_murder_on_the_dancefloor
Temple:   compressed_dpeg_triangle_lava_temple
Lair:1:   layout_big_grid, ebering_ghost_reflecting_pool, basic_altar,
          nicolae_lair_grove_arrangements, serial_bayou_shore_b,
          lemuel_fruit_tree, infiniplex_staircase_pool_2
Lair:2:   layout_cave_pods, minmay_snake_entry_six_corridors, ldierk_geyser
Lair:3:   layout_loops_ring, skrybe_swamp_entry_bodies
Lair:4:   layout_layer_cave, special_room [special_room_mythical_zoo]
Lair:5:   minmay_lair_end_frog_pond, layout_small_grid,
          minmay_slime_entry_pillars, cheibrodos_lair_lostbears, uniq_josephine
Swamp:1:  layout_basic_swamp, nicolae_swamp_fairy_circle, swamp_pool1,
          nicolae_swamp_spooky_pond, uniq_louise, uniq_kirke
Snake:1:  layout_chambers, grunt_ministairs_12, drop_trap

Skill      XL: |  1  2  3  4  5  6  7  8  9 10 11 12 13 14 15 |
---------------+----------------------------------------------+-----
Transmutations | 3 4 5 6 7 9 10 11 12 13 14 | 14.1
Spellcasting   | 3 4 5 6 7 8 9 |  9.4
Fighting       | 2 3 4 5 6 7 8 9 |  9.8
Unarmed Combat | 4 5 6 7 8 10 11 12 13 14 | 14.1
Translocations | 1 2 3 |  3.0
Dodging        | 3 4 5 6 7 8 9 10 | 10.0
Invocations    | 2 4 5 7 8 9 |  9.1
Stealth        | 1 4 6 8 9 |  9.8
Shields        | 1 3 5 |  5.4

Action                   |  1- 3 |  4- 6 |  7- 9 | 10-12 | 13-15 | 16-18 || total
-------------------------+-------+-------+-------+-------+-------+-------++-------
Melee: Unarmed           |    88 |   140 |   195 |   481 |   808 |    28 ||  1740
       Constrict         |    17 |    19 |     4 |     3 |     1 |       ||    44
       Tentacles         |    18 |    17 |     5 |     3 |     1 |       ||    44
       Kick              |     3 |       |       |       |       |       ||     3
       Punch             |     1 |     3 |       |     1 |     2 |       ||     7
 Cast: Beastly Appendage |     2 |       |       |       |       |       ||     2
       Spider Form       |       |    11 |     5 |     8 |     1 |       ||    25
       Ice Form          |       |     1 |    17 |    57 |    98 |     2 ||   175
       Wereblood         |       |     1 |     1 |    10 |    16 |     1 ||    29
       Blink             |       |       |       |     8 |     6 |       ||    14
Invok: Slouch            |       |       |       |     1 |     8 |       ||     9
Evoke: Wand              |       |       |     3 |    19 |     3 |       ||    25
  Use: Scroll            |     3 |     5 |     6 |     7 |    17 |       ||    38
       Potion            |     1 |     1 |     1 |     3 |    11 |     1 ||    18
 Stab: Sleeping          |     6 |     7 |     1 |       |    18 |       ||    32
       Invisible         |       |     1 |       |       |     1 |       ||     2
       Paralysed         |       |       |     5 |     1 |       |       ||     6
       Distracted        |       |       |       |     3 |       |       ||     3
Armor: Skin              |     6 |     6 |    44 |   131 |   181 |     2 ||   370
Dodge: Dodged            |    55 |    83 |   103 |   328 |   629 |    18 ||  1216
